Map: Automaton LE

Players

Blazeling - Winner!

  • Race: Zerg Zerg
  • League: Diamond
  • Spawn Location: 3:00

Avare

  • Race: Terran Terran
  • League: Master
  • Spawn Location: 9:00

VOD

Have the link to the VOD?

Description

Time

  • Played on: Feb. 23, 2019, 5 p.m.
  • Length: 32:28
Show
View Real Time Build Order
Export as new Build Order

Blazeling Zerg - Winner!

Build Orders: Hatch First 

Get SALT Encoding   

  12  0:00  Drone  
  13  0:10  Drone  
  14  0:17  Overlord  
  14  0:36  Drone x2  
  14  0:40  Drone  
  17  0:57  Hatchery  
  17  1:01  Drone  
  17  1:03  Drone  
  18  1:15  Extractor  
  17  1:19  Spawning Pool  
  17  1:20  Drone  
  17  1:23  Drone  
  18  1:33  Drone  
  19  1:41  Drone  
  20  1:55  Overlord  
  20  2:06  Queen  
  22  2:09  Queen  
  22  2:11  Zergling x4  
  26  2:15  Drone  
  26  2:20  Drone  
  28  2:25  Metabolic Boost  
  28  2:41  Queen  
  30  2:45  Queen  
  32  2:51  Overlord  
  32  2:52  Drone x3  
  35  3:14  Drone x2  
  37  3:25  Drone x5  
  37  3:26  Hatchery  
  41  3:29  Overlord  
  39  3:54  Drone  
  39  3:55  Drone x10  
  46  4:02  Extractor  
  42  4:03  Extractor  
  42  4:04  Baneling Nest  
  40  4:10  Drone x2  
  42  4:21  Lair  
  42  4:30  Zergling x4  
  42  4:31  Zergling x4  
  46  4:41  Zergling x2  
  46  4:42  Zergling x8  
  51  4:54  Drone x5  
  56  5:05  Baneling x2  
  56  5:06  Baneling x5  
  53  5:25  Overlord x2  
  53  5:26  Overlord  
  53  5:38  Overlord  
  53  5:43  Queen x2  
  53  5:45  Drone x5  
  53  5:46  Drone x4  
  53  5:49  Centrifical Hooks  
  66  5:51  Overlord x3  
  66  6:05  Drone x3  
  66  6:09  Zergling x10  
  66  6:10  Extractor  
  73  6:18  Drone x2  
  75  6:28  Queen  
  77  6:33  Drone x8  
  77  6:36  Spine Crawler x3  
  82  6:40  Spine Crawler x2  
  82  6:41  Drone  
  81  6:49  Zergling x2  
  81  6:50  Zergling x10  
  87  7:06  Extractor  
  87  7:07  Extractor  
  85  7:09  Evolution Chamber  
  85  7:10  Evolution Chamber  
  85  7:12  Hydralisk Den, Drone x2  
  83  7:23  Drone  
  83  7:25  Drone  
  83  7:26  Drone x4  
  83  7:27  Drone  
  90  7:41  Overlord  
  90  7:42  Overlord x2  
  90  7:44  Grooved Spines  
  90  7:48  Baneling  
  90  7:49  Baneling x14, Infestation Pit  
  89  7:54  Zergling x2  
  89  7:55  Zergling x16  
  98  8:00  Overlord x4  
  91  8:12  Spore Crawler  
  84  8:33  Drone x4  
  84  8:34  Drone x5  
  93  8:55  Muscular Augments, Zerg Melee Weapons Level 1  
  93  8:56  Zerg Missile Weapons Level 1  
  93  8:58  Pathogen Glands, Hatchery  
  93  9:02  Burrow  
  92  9:05  Infestor x2  
  92  9:06  Infestor x4  
  104  9:11  Hydralisk x3  
  104  9:16  Drone x7  
  104  9:17  Drone  
  118  9:35  Spore Crawler  
  118  9:36  Drone  
  118  9:40  Hydralisk x6  
  130  9:50  Infestor  
  130  9:51  Infestor x3  
  138  9:58  Drone  
  138  9:59  Drone x4  
  143  10:23  Hive  
  143  10:25  Zergling x24  
  155  10:30  Extractor  
  155  10:31  Extractor, Drone x2  
  155  10:50  Overlord x4  
  155  10:51  Spine Crawler, Overlord x2  
  155  10:53  Spine Crawler  
  155  10:55  Spine Crawler  
  152  11:09  Hydralisk x12  
  176  11:12  Drone x7  
  183  11:27  Hydralisk x5  
  193  11:36  Baneling x15  
  193  11:37  Baneling x16  
  148  12:08  Hydralisk x13  
  142  12:21  Infestor x2  
  135  12:36  Zerg Missile Weapons Level 2, Zerg Melee Weapons Level 2  
  134  12:38  Zergling x18  
  134  12:39  Zergling x8  
  147  13:07  Baneling x14  
  147  13:08  Baneling x3  
  147  13:09  Hydralisk x6  
  147  13:11  Zergling x2  
  147  13:12  Zergling x14  
  167  13:13  Hatchery  
  167  13:19  Infestor x2  
  166  13:20  Infestor  
  166  13:39  Hydralisk x12  
  190  14:02  Zergling x18  
  178  14:24  Zergling x24  
  140  14:38  Spire  
  140  14:44  Drone x5  
  140  14:45  Drone x2  
  146  14:53  Zerg Ground Armor Level 1  
  146  14:57  Infestor x3  
  146  14:58  Infestor x2  
  156  15:03  Baneling x11  
  156  15:04  Baneling x7, Hydralisk  
  156  15:05  Hydralisk x5  
  168  15:14  Hatchery  
  167  15:15  Hydralisk x4  
  175  15:25  Zerg Melee Weapons Level 3  
  175  15:34  Adrenal Glands  
  163  16:00  Hydralisk  
  163  16:01  Hydralisk x7  
  163  16:03  Hatchery  
  178  16:06  Hatchery  
  168  16:23  Hydralisk x7  
  174  16:47  Zerg Missile Weapons Level 3  
  174  16:48  Hydralisk x9  
  192  17:18  Zergling x16  
  200  17:27  Extractor  
  200  17:28  Extractor  
  198  17:36  Extractor  
  197  17:39  Extractor  
  196  17:53  Greater Spire  
  196  18:02  Zerg Ground Armor Level 2  
  182  18:36  Zergling x2  
  182  18:37  Zergling x30  
  164  19:46  Corruptor  
  164  19:47  Corruptor x15  
  182  20:01  Baneling x2  
  182  20:02  Baneling x19  
  178  20:19  Brood Lord x6  
  178  20:20  Brood Lord x7  
  187  20:45  Corruptor x11  
  179  20:57  Hatchery  
  162  21:13  Corruptor  
  162  21:14  Corruptor x3  
  158  21:27  Zerg Flyer Armor Level 1  
  158  22:06  Corruptor x5  
  164  22:15  Corruptor  
  164  22:16  Corruptor  
  166  22:26  Drone x5  
  166  22:27  Hatchery, Drone x4  
  173  22:47  Spine Crawler x4  
  173  22:49  Spine Crawler  
  166  22:51  Spine Crawler  
  153  23:00  Corruptor x3  
  128  23:57  Brood Lord x4  
  128  23:58  Brood Lord x3, Corruptor x3  
  116  24:28  Drone x15  
  108  25:03  Drone x7  
  108  25:04  Drone  
  114  25:15  Baneling  
  114  25:26  Drone x4  
  114  25:27  Drone  
  119  25:48  Zerg Flyer Armor Level 2  
  119  26:04  Corruptor x2  
  119  26:05  Corruptor  
  121  26:25  Corruptor x3  
  113  26:43  Corruptor x3  
  79  27:28  Extractor x2  
  70  27:59  Hatchery  
  69  28:18  Drone x12  
  81  29:13  Ultralisk Cavern, Drone x8  
  81  29:14  Drone x4  
  92  30:03  Ultralisk x4  
  116  30:20  Ultralisk  
  110  30:43  Spine Crawler  
  110  30:44  Spine Crawler x3  
  98  31:01  Corruptor x2  
  98  31:02  Corruptor  
  96  31:21  Drone x4  
  96  31:38  Queen  
  94  31:42  Corruptor  
  94  31:53  Corruptor  
  84  32:05  Drone x4  
Show
View Real Time Build Order
Export as new Build Order

Avare Terran 

Build Orders: Hellion Opening, Mech 

Get SALT Encoding   

  12  0:01  SCV  
  13  0:13  SCV  
  14  0:18  Supply Depot  
  14  0:25  SCV  
  15  0:30  Refinery  
  15  0:40  SCV  
  16  0:46  Barracks  
  16  0:52  SCV  
  17  1:04  SCV  
  18  1:16  SCV  
  19  1:30  SCV  
  20  1:37  Factory  
  20  1:50  Command Center  
  20  1:54  Barracks Reactor  
  20  1:59  SCV, Supply Depot  
  21  2:11  Orbital Command  
  21  2:24  Refinery  
  21  2:32  Supply Depot  
  21  2:38  Hellion x2  
  21  2:41  SCV  
  26  2:47  Barracks Tech Lab  
  26  2:59  Hellion x2  
  30  3:08  Factory  
  30  3:11  SCV  
  31  3:16  Orbital Command  
  31  3:24  Hellion  
  33  3:28  Hellion  
  35  3:35  SCV  
  36  3:41  Supply Depot  
  36  3:47  SCV  
  35  4:02  SCV  
  32  4:03  SCV  
  35  4:10  Hellion x2  
  35  4:14  SCV  
  38  4:19  SCV, Factory  
  39  4:26  SCV  
  43  4:32  SCV  
  43  4:33  Cyclone  
  44  4:40  SCV  
  44  4:44  SCV  
  44  4:45  Starport  
  46  4:47  Infernal Pre-Igniter  
  46  4:52  SCV, Armory  
  47  4:56  SCV  
  47  4:59  Refinery  
  48  5:04  Refinery, SCV  
  48  5:07  Supply Depot  
  49  5:08  SCV  
  50  5:16  SCV  
  50  5:20  SCV  
  52  5:28  SCV  
  52  5:32  SCV  
  54  5:37  Factory Tech Lab  
  54  5:39  Starport Reactor  
  54  5:40  SCV  
  54  5:41  Command Center  
  55  5:44  SCV, Hellion  
  55  5:49  Terran Vehicle Weapons Level 1  
  58  5:52  SCV  
  58  5:56  SCV  
  60  6:00  Siege Tank  
  60  6:02  Siege Tank  
  66  6:05  SCV  
  66  6:08  SCV  
  68  6:13  Factory  
  68  6:16  Liberator x2  
  68  6:17  SCV, Supply Depot  
  69  6:20  SCV  
  70  6:29  SCV  
  71  6:35  SCV  
  71  6:39  Supply Depot  
  78  6:41  SCV  
  79  6:47  SCV  
  79  6:48  Hellion x2  
  79  6:53  SCV  
  85  6:57  Orbital Command  
  85  6:59  SCV  
  86  7:03  Hellion  
  86  7:05  SCV, Factory Reactor  
  86  7:07  Thor  
  95  7:11  SCV, Engineering Bay  
  96  7:17  SCV  
  96  7:22  SCV  
  98  7:23  SCV  
  98  7:29  SCV  
  100  7:34  SCV  
  100  7:35  SCV  
  105  7:37  Siege Tank  
  105  7:38  Supply Depot  
  105  7:41  Hellion x2  
  109  7:50  Supply Depot  
  109  7:52  Supply Depot  
  109  7:53  SCV, Siege Tank, Hellion x2  
  117  8:00  SCV x2  
  117  8:03  Supply Depot  
  120  8:05  SCV  
  120  8:12  SCV  
  121  8:13  Supply Depot  
  121  8:16  SCV, Supply Depot  
  118  8:26  SCV  
  111  8:27  SCV  
  111  8:28  SCV  
  111  8:33  Hellion x2  
  114  8:34  Siege Tank, Hellion  
  114  8:36  Terran Vehicle Weapons Level 2  
  114  8:38  SCV  
  114  8:39  SCV  
  119  8:41  Missile Turret  
  119  8:44  Missile Turret  
  119  8:48  Supply Depot  
  119  8:51  SCV  
  119  8:52  Command Center  
  119  8:55  SCV  
  123  8:56  Hellion  
  123  8:57  Hellion x2  
  123  8:59  Hellion  
  123  9:00  Hellion  
  123  9:02  Missile Turret  
  131  9:03  SCV  
  131  9:05  Missile Turret  
  131  9:06  Siege Tank  
  131  9:09  Refinery  
  135  9:10  Liberator  
  135  9:11  Supply Depot  
  135  9:12  Liberator  
  135  9:16  SCV  
  135  9:17  Missile Turret, Siege Tank  
  139  9:20  Refinery  
  139  9:21  SCV  
  139  9:22  SCV, Missile Turret  
  139  9:24  Hellion x4  
  156  9:31  SCV  
  156  9:35  Supply Depot  
  156  9:38  Missile Turret  
  156  9:39  Siege Tank  
  159  9:48  Thor  
  165  9:56  Factory  
  165  9:57  Missile Turret  
  165  10:00  Command Center  
  165  10:01  Supply Depot  
  165  10:03  Hellion x2  
  173  10:09  Widow Mine x2, Factory  
  173  10:10  SCV  
  174  10:18  Orbital Command  
  174  10:24  Supply Depot  
  174  10:29  Thor  
  174  10:31  Hellion x4  
  188  10:49  Missile Turret  
  188  10:50  Factory Tech Lab, Missile Turret  
  188  10:54  Factory Tech Lab  
  188  11:09  Missile Turret  
  188  11:11  Missile Turret  
  188  11:13  Missile Turret  
  188  11:17  Missile Turret  
  188  11:25  Siege Tank x2  
  194  11:30  Missile Turret  
  194  11:38  Missile Turret  
  184  11:55  Siege Tank  
  184  11:58  Siege Tank  
  148  12:04  Siege Tank x2  
  148  12:05  Hellion x4  
  139  12:10  SCV  
  131  12:17  SCV  
  131  12:22  SCV  
  133  12:26  Hellion x3  
  133  12:27  SCV  
  133  12:28  Siege Tank  
  143  12:30  Siege Tank  
  143  12:32  Planetary Fortress  
  143  12:33  Orbital Command  
  143  12:35  Refinery  
  143  12:36  Refinery, Siege Tank x2  
  152  12:42  Hellion  
  154  12:48  Starport x2, Hellion  
  156  12:52  Starport  
  156  13:00  Siege Tank  
  156  13:02  Siege Tank  
  162  13:08  Siege Tank x2  
  162  13:10  Sensor Tower  
  168  13:16  Hellion x2  
  168  13:17  Hellion x2  
  168  13:18  Armory  
  176  13:32  Siege Tank  
  179  13:34  Siege Tank  
  179  13:38  Hellion  
  179  13:40  Siege Tank  
  187  13:47  Starport Tech Lab  
  187  13:50  Starport Tech Lab  
  187  13:51  Starport Tech Lab  
  159  14:21  Siege Tank x3  
  159  14:22  Hellion x2  
  159  14:23  Hellion x3  
  135  14:42  SCV  
  135  14:44  Hellion x5  
  146  14:46  SCV  
  146  14:49  Command Center  
  147  14:53  Hellion  
  147  14:54  Siege Tank, Hellion  
  154  15:00  Raven  
  154  15:01  Command Center, Fusion Core, Terran Vehicle Weapons Level 3  
  154  15:03  Terran Vehicle And Ship Armor Level 1  
  154  15:05  SCV  
  157  15:15  Hellion x5  
  157  15:16  Hellion x2  
  150  15:43  Siege Tank x2  
  150  15:47  Siege Tank  
  159  15:51  Battlecruiser x3  
  177  16:04  Command Center  
  177  16:13  Siege Tank  
  177  16:15  Siege Tank  
  172  16:23  SCV  
  172  16:27  Thor  
  167  16:45  Starport  
  167  16:49  Orbital Command  
  164  16:55  Battlecruiser  
  167  17:05  Sensor Tower  
  167  17:10  Thor  
  173  17:16  Battlecruiser  
  173  17:17  Battlecruiser  
  173  17:20  Terran Ship Weapons Level 1  
  185  17:23  Weapon Refit  
  185  17:38  Thor  
  185  17:39  Thor  
  190  18:31  Siege Tank  
  175  18:45  Siege Tank  
  175  18:46  Siege Tank x2  
  182  19:03  Siege Tank  
  182  19:12  Hellion x4  
  193  19:17  Siege Tank  
  193  19:18  Siege Tank x2  
  184  19:47  Siege Tank  
  184  19:49  Siege Tank  
  184  19:52  Battlecruiser  
  196  19:53  Terran Vehicle And Ship Armor Level 2  
  196  20:17  Siege Tank  
  191  20:51  Siege Tank x2  
  197  21:03  Thor x2  
  171  21:14  Liberator x3  
  171  21:15  Liberator x2  
  171  21:16  Liberator  
  123  21:35  Hellion x6  
  138  21:45  Missile Turret x2  
  138  21:46  Hellion x2  
  139  21:56  Hellion x3  
  139  21:57  Liberator, Hellion  
  147  22:02  Thor  
  147  22:03  Thor  
  147  22:04  Missile Turret  
  159  22:11  Missile Turret  
  158  22:15  Orbital Command  
  158  22:21  Hellion  
  158  22:22  Hellion x5  
  169  22:43  Hellion x2  
  172  22:51  Liberator x3  
  147  23:04  Thor  
  147  23:05  Thor  
  133  23:16  SCV  
  123  23:41  SCV  
  123  24:07  Command Center  
  123  24:12  SCV  
  120  24:35  Viking x3  
  120  24:36  Viking  
  117  25:04  Hellion x4  
  117  25:05  Hellion  
  121  25:09  Refinery  
  121  25:12  Refinery  
  121  25:17  Hellion x2  
  109  26:00  Viking  
  110  26:04  Hellion x3  
  110  26:05  Hellion x2  
  84  26:42  Viking x2  
  81  27:01  Hellion x4  
  83  27:10  Thor  
  87  27:16  Hellion x7  
  66  27:41  Viking x2  
  70  27:46  Hellion x4  
  70  27:47  Hellion x3  
  84  28:04  Viking  
  84  28:05  Viking  
  80  28:14  Command Center  
  76  28:27  SCV  
  77  28:35  Missile Turret  
  77  28:55  Missile Turret  
  77  29:05  Viking  
  77  29:07  SCV  
  80  29:14  Missile Turret  
  80  29:25  SCV  
  73  29:40  SCV  
  74  29:48  Viking  
  76  29:57  SCV  
  77  30:10  Viking  
  72  30:33  SCV  
  56  31:08  Viking x3  
  8  31:44  Hellion x3  
  8  31:45  Hellion x2  
Tags
 
Add a new tag
Caveats
  • Supply blocks, unpowered buildings, or Contaminate may cause inaccurate times.
  • Supply counts are checked every 10 seconds.